 Dungeon Crawl Stone Soup version 0.22.0 (webtiles) character file.

40 DingoDongler the Conjurer (level 3, -4/19 HPs)
             Began as a Deep Elf Conjurer on Aug 16, 2018.
             Killed from afar by a dart slug (7 damage)
             ... with a slug dart
             ... on level 2 of the Dungeon.
             The game lasted 00:06:50 (1272 turns).

DingoDongler the Conjurer (Deep Elf Conjurer)       Turns: 1272, Time: 00:06:53

Health: -4/19      AC:  4    Str:  5    XL:     3   Next: 30%
Magic:  9/9        EV:  6    Int: 20    God:
Gold:   58         SH:  0    Dex: 17    Spells: 7/8 levels left

rFire    . . .     SeeInvis .   d - +1 spear
rCold    . . .     Gourm    +   (no shield)
rNeg     . . .     Faith    .   m - +1 scale mail
rPois    .         Spirit   .   (no helmet)
rElec    .         Reflect  .   (no cloak)
rCorr    .         Harm     .   (no gloves)
MR       .....                  (no boots)
Stlth    +.........             h - amulet of the gourmand
HPRegen  0.06/turn              l - ring of wizardry
MPRegen  0.11/turn              (no ring)

@: no status effects
A: agile 1, deformed body, low mp 1, no potion heal 1
a: no special abilities


You were on level 2 of the Dungeon.
You were not hungry.

You visited 1 branch of the dungeon, and saw 2 of its levels.

You collected 58 gold pieces.

Inventory:

Hand Weapons
 b - a -3 mace
 d - a +1 spear (weapon)
Armour
 a - a +0 robe
 m - a +1 scale mail (worn)
Jewellery
 h - an amulet of the gourmand (around neck)
 l - a ring of wizardry (left hand)
Potions
 i - a potion of curing {unknown}
Comestibles
 c - 3 rations


   Skills:
 + Level 2.5 Dodging
 + Level 2.5 Stealth
 + Level 3.3 Spellcasting
 + Level 5.4 Conjurations


You had 7 spell levels left.
You knew the following spells:

 Your Spells              Type           Power        Failure   Level  Hunger
a - Magic Dart            Conj           ####         16%         1    None

Your spell library contained the following spells:

 Spells                   Type           Power        Failure   Level  Hunger
 Iskenderun's Mystic Bla  Conj           ####....     80%         4    ####...
 Fulminant Prism          Conj/Hex       ##........   98%         4    ####...
 Dazzling Spray           Conj/Hex       ##....       77%         3    ###....
 Force Lance              Conj/Tloc      ##......     98%         4    ####...
 Searing Ray              Conj           ####..       22%         2    ##.....


Dungeon Overview and Level Annotations

Branches:
Dungeon (2/15)

Altars:


Innate Abilities, Weirdness & Mutations

You are agile. (Dex +2)
Armour fits poorly on your strangely shaped body.
Your magical capacity is low. (-10% MP)
Potions are less effective at restoring your health.


Message History

The gnoll hits you. The gnoll hits you but does no damage.
The gnoll hits you with a spear of flaming.
* * * LOW HITPOINT WARNING * * *
The gnoll burns you.
* * * LOW HITPOINT WARNING * * *
The gnoll barely misses you.
You climb downwards.
An adder comes into view.
The adder hisses angrily.
The dart slug launches a dart at you. The slug dart hits you!
There is a stone staircase leading up here.
It was a potion of mutation.
You feel extremely strange.
Your body twists and deforms.
Your system partially rejects the healing effects of potions.
You feel less energetic.
You feel agile.
The gnoll hits you but does no damage. x2
The dart slug launches a dart at you. The slug dart hits you!
You die...

..g.....# #........#
........# #........#
.......# ####.#####
..?..####### #.####.
#....#...###.#.... #
##..............###
##.#.w.........##.###.
###...wg÷...........#...
......g@g...............
.#..###.g........[......
.... #........#..(.....
##. ..........####..####
. ....S..###......##
........# #.######
.......?. #.#
.......#....# #..


You could see 4 gnolls, an adder and 2 dart slugs.

Vanquished Creatures
  An adder (D:2)
  An ooze (D:2)
  A worm (D:2)
  3 dart slugs
  A leopard gecko (D:1)
  4 hobgoblins (D:1)
  A kobold (D:1)
  A quokka (D:2)
  2 bats (D:2)
  4 rats (D:1)
19 creatures vanquished.

Notes
Turn   | Place    | Note
-------+----------+-------------------------------------------
     0 | D:1      | DingoDongler the Deep Elf Conjurer began the quest for the Orb.
     0 | D:1      | Reached XP level 1. HP: 10/10 MP: 6/6
     7 | D:1      | Noticed a five-headed hydra
     7 | D:1      | Noticed a water moccasin
     8 | D:1      | Noticed a black bear
     8 | D:1      | Noticed a hog
    84 | D:1      | Reached XP level 2. HP: 15/15 MP: 4/8
   244 | D:1      | Reached skill level 5 in Conjurations
   809 | D:2      | Reached XP level 3. HP: 19/19 MP: 6/9
  1272 | D:2      | Gained mutation: Armour fits poorly on your strangely shaped body. [potion of mutation]
  1272 | D:2      | Gained mutation: Potions are less effective at restoring your health. [potion of mutation]
  1272 | D:2      | Gained mutation: Your magical capacity is low. (-10% MP) [potion of mutation]
  1272 | D:2      | Gained mutation: You are agile. (Dex +2) [potion of mutation]
  1272 | D:2      | Killed from afar by a dart slug

Skill      XL: |  1  2 |
---------------+-------+-----
Conjurations   | 5 |  5.4
Dodging        | |  2.5
Stealth        | |  2.5
Spellcasting   | |  3.3

Action                   || total
-------------------------++-------
Melee: Spear             ||    13
 Cast: Magic Dart        ||    39
  Use: Scroll            ||     5
       Potion            ||     1
  Eat: Chunk             ||     2
Armor: Scale mail        ||    22
Dodge: Dodged            ||    13
